AoeStats
← Cinnamoroll

African Clearing

506456745Analyzed
4v4 RM · 19d ago on Sep 13, 2026· 57m 22s· 8 players
Game mode
Random Map
Map size
Large (8 player)
Population
200
Speed
Normal
Resources
Standard
Victory
Conquest
Starting age
Dark Age
Ending age
Imperial Age
RankedLock teamsTeams togetherTeam positionsShared explorationLock speedFull tech treeHidden civsTurbo modeCheats
Victory
Defeat
🇨🇦 Inca · Canada
1515
+15
🇹🇷 Wu · Türkiye
1501
+15
🇨🇴 Vikings · Colombia
1480
+16
🇩🇪 Goths · Germany
1463
+17
1628
-22
🇨🇴 Maya · Colombia
1567
-19
🇲🇽 Hindustanis · Mexico
1366
-11
🇲🇽 Burmese · Mexico
1364
-11
Cinnamoroll
9:55 Loom
12:30 Feudal Age
13:04 Double-Bit Axe
21:31 Castle Age
21:17 Padded Archer Armor
21:08 Fletching
21:49 Elite Skirmisher
22:27 Bodkin Arrow
24:16 Horse Collar
27:15 Ballistics
32:34 Bow Saw
34:57 Heavy Plow
34:44 Town Watch
36:18 Leather Archer Armor
39:23 Wheelbarrow
38:48 Crossbowman
45:36 Imperial Age
43:22 Champi Runner
44:04 Squires
44:43 Hand Cart
44:12 Champi Warrior
44:44 Gold Mining
44:44 Stone Mining
46:05 Scale Mail Armor
46:15 Forging
45:40 Capped Ram
47:23 Chain Mail Armor
48:47 Bracer
51:30 Sanctity
51:20 Redemption
51:29 Thumb Ring
51:55 Block Printing
52:18 Illumination
52:29 Theocracy
52:59 Masonry
53:29 Illumination
54:00 Gold Shaft Mining
52:47 Siege Ram
NuMa | Maurofarfan01
12:48 Feudal Age
16:43 Castle Age
15:49 Double-Bit Axe
17:43 Loom
18:11 Bow Saw
19:34 Horse Collar
25:28 Town Watch
34:08 Imperial Age
32:08 Scale Mail Armor
32:19 Forging
33:35 Chain Mail Armor
34:16 Iron Casting
34:31 Elite Skirmisher
35:12 Padded Archer Armor
35:04 Fletching
35:41 Conscription
34:41 Elite Berserk
35:42 Bodkin Arrow
36:42 Plate Mail Armor
37:13 Blast Furnace
38:06 Leather Archer Armor
37:53 Bracer
38:19 Ballistics
40:33 Chemistry
40:18 Hoardings
40:04 Capped Ram
41:51 Siege Ram
43:41 Ring Archer Armor
44:25 Squires
44:12 Arson
47:27 Bogsveigar
47:33 Chieftains
51:33 Town Patrol
53:51 Coinage
55:59 Banking
argh
4:28 Loom
12:00 Feudal Age
12:04 Man-at-Arms
12:55 Double-Bit Axe
13:42 Horse Collar
16:01 Forging
21:23 Scale Mail Armor
22:30 Wheelbarrow
25:52 Castle Age
24:22 Horse Collar
27:23 Bow Saw
27:36 Heavy Plow
27:07 Long Swordsman
28:00 Squires
29:44 Chain Mail Armor
30:31 Gold Mining
31:22 Iron Casting
37:21 Iron Casting
39:26 Imperial Age
38:13 Stone Mining
39:22 Anarchy
40:32 Conscription
41:14 Blast Furnace
39:53 Elite Huskarl
46:45 Perfusion
48:15 Ballistics
48:55 Chemistry
48:02 Two-Handed Swordsman
48:56 Champion
51:35 Masonry
51:23 Murder Holes
51:39 Masonry
51:20 Fletching
W
12:15 Loom
14:01 Feudal Age
16:05 Double-Bit Axe
17:08 Gold Mining
19:38 Castle Age
18:06 Scale Mail Armor
18:27 Stone Mining
18:53 Arson
19:50 Forging
20:50 Bow Saw
20:49 Squires
21:30 Chain Mail Armor
26:10 Horse Collar
31:43 Wheelbarrow
31:56 Town Watch
38:44 Fletching
47:16 Imperial Age
45:56 Iron Casting
48:29 Plate Mail Armor
47:46 Arson
49:56 Blast Furnace
49:53 Bodkin Arrow
49:25 Elite Skirmisher
51:20 Guard Tower
51:55 Man-at-Arms
53:04 Ballistics
53:59 Two-Man Saw
54:08 Bracer
55:11 Padded Archer Armor
56:03 Hand Cart
56:26 Keep
56:51 Chemistry
EXILE | Mancoazteca
4:33 Loom
15:04 Feudal Age
15:52 Double-Bit Axe
19:48 Castle Age
20:30 Town Watch
24:00 Bow Saw
24:43 Horse Collar
32:25 Imperial Age
31:29 Padded Archer Armor
32:51 Wheelbarrow
32:28 Stone Mining
32:29 Gold Mining
33:08 Leather Archer Armor
34:11 Two-Man Saw
34:22 Chemistry
34:28 Stone Shaft Mining
34:54 Hand Cart
35:38 Ring Archer Armor
38:48 Shatagni
40:58 Bloodlines
40:08 Light Cavalry
40:49 Husbandry
40:55 Scale Barding Armor
42:53 Siege Engineers
42:18 Hussar
43:49 Chain Barding Armor
45:22 Conscription
46:59 Plate Barding Armor
46:36 Forging
49:50 Iron Casting
EXILE | Polag3K
9:19 Loom
11:49 Feudal Age
14:58 Scale Barding Armor
15:32 Forging
18:09 Bloodlines
29:37 Castle Age
30:51 Chain Barding Armor
30:56 Fletching
33:55 Light Cavalry
34:36 Husbandry
46:11 Wheelbarrow
45:22 Town Watch
47:31 Gold Mining
47:47 Stone Mining
50:29 Horse Collar
58:23 Imperial Age
57:37 Iron Casting
Darkness__
13:17 Feudal Age
17:21 Castle Age
16:22 Double-Bit Axe
16:18 Horse Collar
24:20 Loom
25:15 Bow Saw
25:59 Fletching
26:46 Heavy Plow
26:59 Gold Mining
27:00 Stone Mining
32:46 Imperial Age
31:22 Padded Archer Armor
31:18 Bodkin Arrow
31:44 Ballistics
32:15 Wheelbarrow
31:27 Town Watch
33:31 Bracer
34:32 Chemistry
34:31 Leather Archer Armor
35:47 Ring Archer Armor
37:44 Elite Plumed Archer
38:51 Conscription
40:16 Coinage
42:14 Hul'che Javelineers
43:34 Eagle Warrior
44:15 Squires
44:01 Arson
44:16 Scale Mail Armor
44:27 Forging
45:17 Two-Man Saw
44:17 Elite Eagle Warrior
44:36 Elite Eagle Warrior
45:02 Arson
45:33 Chain Mail Armor
47:32 Plate Mail Armor
47:38 Iron Casting
EXILE | Tulita de 2 cm oxidada
11:31 Loom
13:42 Feudal Age
18:35 Castle Age
18:46 Double-Bit Axe
18:43 Horse Collar
18:53 Fletching
27:21 Bodkin Arrow
36:45 Wheelbarrow
38:52 Bow Saw
39:13 Hand Cart
38:43 Town Watch
39:00 Heavy Plow
42:24 Imperial Age
40:28 Town Watch
41:18 Man-at-Arms
42:06 Scale Mail Armor
42:12 Long Swordsman
43:30 Chain Mail Armor
43:59 Paper Money
44:18 Hoardings
43:08 Two-Handed Swordsman
43:48 Squires
44:53 Chemistry
43:59 Siege Engineers
44:21 Town Patrol
45:23 Two-Man Saw
44:53 Crop Rotation
44:14 Gold Mining
44:15 Stone Mining
44:30 Champion
45:54 Plate Mail Armor
46:37 Forging
46:46 Capped Ram
48:39 Iron Casting
49:00 Bracer
50:10 Elite Rattan Archer
51:44 Ballistics
51:04 Treadmill Crane
51:20 Murder Holes
51:26 Padded Archer Armor
51:17 Arson
52:06 Guilds
52:26 Coinage
51:56 Caravan
55:33 Bloodlines
55:23 Husbandry
55:57 Elite Battle Elephant
56:18 Light Cavalry
Connection lost

Rejoining the realm…

Still unreachable

The connection could not be restored.

Session expired

The server has moved on; the page needs a fresh start.